 Dungeon Crawl Stone Soup version 0.22-a0-422-g9628fc8 (webtiles) character file.

107 galech the Cutter (level 4, -2/38 HPs)
             Began as a Gnoll Wanderer on May 16, 2018.
             Slain by p0werm0de's ghost (6 damage)
             ... on level 3 of the Dungeon.
             The game lasted 00:03:24 (2241 turns).

galech the Cutter (Gnoll Wanderer)                  Turns: 2241, Time: 00:03:25

Health: -2/38      AC:  5    Str: 15    XL:     4   Next: 86%
Magic:  6/6        EV: 13    Int: 14    God:
Gold:   155        SH:  0    Dex: 15    Spells: 5/5 levels left

rFire    . . .     SeeInvis .   b - +0 short sword
rCold    . . .     Gourm    .   (no shield)
rNeg     . . .     Faith    .   a - +2 leather armour
rPois    .         Spirit   .   (no helmet)
rElec    .         Reflect  .   (no cloak)
rCorr    .         Harm     .   (no gloves)
MR       .....                  (no boots)
Stlth    +++.......             (no amulet)
HPRegen  0.12/turn              f - ring of stealth
MPRegen  0.10/turn              (no ring)

@: no status effects
A: distributed training, fangs 1, strong nose
a: no special abilities


You were on level 3 of the Dungeon.
You were not hungry.

You visited 1 branch of the dungeon, and saw 3 of its levels.

You collected 155 gold pieces.

Inventory:

Hand Weapons
 b - a +0 short sword (weapon)
Armour
 a - a +2 leather armour (worn)
Jewellery
 f - a ring of stealth (left hand)
Scrolls
 e - a scroll of enchant weapon {unknown}
 i - 4 scrolls of identify {unknown}
 k - 2 scrolls of noise {unknown}
 m - 2 scrolls of magic mapping {unknown}
 n - 2 scrolls of teleportation {unknown}
 p - a scroll of remove curse {unknown}
 r - a scroll of fog {unknown}
Potions
 c - a potion of curing
 g - a potion of heal wounds {unknown}
 h - a potion of agility {unknown}
 j - 2 potions of resistance {unknown}
 o - a potion of magic {unknown}
 q - a potion of degeneration {unknown}
 s - a potion of might {unknown}
Comestibles
 d - 3 rations
 l - a chunk of flesh


   Skills:
 + Level 4.7 Fighting
 + Level 6.6 Short Blades
 + Level 1.2 Long Blades
 + Level 1.2 Axes
 + Level 1.2 Maces & Flails
 + Level 1.2 Polearms
 + Level 1.2 Staves
 + Level 1.2 Slings
 + Level 1.2 Bows
 + Level 2.8 Crossbows
 + Level 1.2 Throwing
 + Level 1.2 Armour
 + Level 2.8 Dodging
 + Level 2.6 Stealth
 + Level 2.8 Shields
 + Level 1.2 Unarmed Combat
 + Level 1.2 Spellcasting
 + Level 1.0 Conjurations
 + Level 1.0 Hexes
 + Level 1.0 Charms
 + Level 1.0 Summonings
 + Level 1.0 Necromancy
 + Level 1.0 Translocations
 + Level 1.0 Transmutations
 + Level 1.0 Fire Magic
 + Level 1.0 Ice Magic
 + Level 1.0 Air Magic
 + Level 1.0 Earth Magic
 + Level 1.0 Poison Magic
 + Level 1.3 Invocations
 + Level 2.8 Evocations


You had 5 spell levels left.
You didn't know any spells.
Your spell library was empty.

Dungeon Overview and Level Annotations

Branches:
Dungeon (3/15)

Altars:
Qazlal

Annotations:
D:3 Grinder; p0werm0de's ghost, amateur DEBe


Innate Abilities, Weirdness & Mutations

Your experience applies equally to all skills.
You have very sharp teeth.
Your uncanny sense of smell can sniff out nearby items.


Message History

You hit p0werm0de's ghost but do no damage.
You bite p0werm0de's ghost, but do no damage.
P0werm0de's ghost is heavily damaged.
P0werm0de's ghost hits you.
* * * LOW HITPOINT WARNING * * *
You closely miss p0werm0de's ghost. Your bite misses p0werm0de's ghost.
P0werm0de's ghost is heavily damaged.
P0werm0de's ghost hits you but does no damage.
You closely miss p0werm0de's ghost.
P0werm0de's ghost is heavily damaged.
P0werm0de's ghost completely misses you.
You hit p0werm0de's ghost.
P0werm0de's ghost is severely damaged.
You hit p0werm0de's ghost but do no damage.
P0werm0de's ghost is severely damaged.
P0werm0de's ghost hits you but does no damage.
You closely miss p0werm0de's ghost.
P0werm0de's ghost is severely damaged.
P0werm0de's ghost hits you.
You die...

####.#.#..#..#.#...##.#
# #.#.#ยง.#..#.#...##.#
# #.#.#..#..#<....##.#
# #.#.#.....#W#.#.##.#
# #...##.#.##.#.#.##.#
# ######.#....#.#)##.#
### #.######.#.##.# ..#
#........W.##.#
..######### #@###
........########.#
..#####.#........# ..#
#.#.######## ..# #.#.#
..# #.#.# ..# #.#.# ..#
#.#.# ..# #.#.#


You could see p0werm0de's ghost.

Vanquished Creatures
  7 adders
  A dart slug (D:1)
  2 leopard geckos (D:2)
  2 orcs (D:3)
  3 ball pythons
  2 giant cockroaches
  3 goblins
  2 hobgoblins
  4 kobolds
  A quokka (D:3)
  6 bats
  A frilled lizard (D:3)
  4 rats
38 creatures vanquished.

Notes
Turn   | Place    | Note
-------+----------+-------------------------------------------
     0 | D:1      | galech the Gnoll Wanderer began the quest for the Orb.
     0 | D:1      | galech set off with: a +2 leather armour, a +0 short sword, a potion of curing, a ration
     0 | D:1      | Reached XP level 1. HP: 20/20 MP: 2/2
   685 | D:2      | Reached XP level 2. HP: 26/26 MP: 3/3
   754 | D:2      | Reached XP level 3. HP: 31/31 MP: 4/4
   838 | D:2      | Reached skill level 1 in Invocations
   855 | D:2      | HP: 1/31 [goblin/enchanted dagger (5)]
  1207 | D:2      | Reached skill level 1 in Long Blades
  1207 | D:2      | Reached skill level 1 in Axes
  1207 | D:2      | Reached skill level 1 in Maces & Flails
  1207 | D:2      | Reached skill level 1 in Polearms
  1207 | D:2      | Reached skill level 1 in Staves
  1207 | D:2      | Reached skill level 1 in Slings
  1207 | D:2      | Reached skill level 1 in Bows
  1207 | D:2      | Reached skill level 1 in Throwing
  1207 | D:2      | Reached skill level 1 in Armour
  1207 | D:2      | Reached skill level 1 in Unarmed Combat
  1207 | D:2      | Reached skill level 1 in Spellcasting
  1207 | D:2      | Reached XP level 4. HP: 32/38 MP: 4/6
  1236 | D:2      | Found a stormy altar of Qazlal.
  1844 | D:3      | Noticed p0werm0de's ghost (amateur DEBe)
  1845 | D:3      | Noticed Grinder
  1849 | D:3      | Paralysed by Grinder for 5 turns
  2110 | D:3      | Reached skill level 1 in Conjurations
  2110 | D:3      | Reached skill level 1 in Hexes
  2110 | D:3      | Reached skill level 1 in Charms
  2110 | D:3      | Reached skill level 1 in Summonings
  2110 | D:3      | Reached skill level 1 in Necromancy
  2110 | D:3      | Reached skill level 1 in Translocations
  2110 | D:3      | Reached skill level 1 in Transmutations
  2110 | D:3      | Reached skill level 1 in Fire Magic
  2110 | D:3      | Reached skill level 1 in Ice Magic
  2110 | D:3      | Reached skill level 1 in Air Magic
  2110 | D:3      | Reached skill level 1 in Earth Magic
  2110 | D:3      | Reached skill level 1 in Poison Magic
  2241 | D:3      | Slain by p0werm0de's ghost

Vault maps used:
D:1:      minmay_arrival_four_loops, minmay_crystal_water
D:2:      nicolae_qazlal_general_emergency
D:3:      minmay_liquid_box, uniq_grinder

Skill      XL: |  1  2  3  4 |
---------------+-------------+-----
Invocations    | 1 |  1.3
Long Blades    | 1 |  1.2
Axes           | 1 |  1.2
Maces & Flails | 1 |  1.2
Polearms       | 1 |  1.2
Staves         | 1 |  1.2
Slings         | 1 |  1.2
Bows           | 1 |  1.2
Throwing       | 1 |  1.2
Armour         | 1 |  1.2
Unarmed Combat | 1 |  1.2
Spellcasting   | 1 |  1.2
Conjurations   | 1 |  1.0
Hexes          | 1 |  1.0
Charms         | 1 |  1.0
Summonings     | 1 |  1.0
Necromancy     | 1 |  1.0
Translocations | 1 |  1.0
Transmutations | 1 |  1.0
Fire Magic     | 1 |  1.0
Ice Magic      | 1 |  1.0
Air Magic      | 1 |  1.0
Earth Magic    | 1 |  1.0
Poison Magic   | 1 |  1.0
Fighting       | |  4.7
Short Blades   | |  6.6
Crossbows      | |  2.8
Dodging        | |  2.8
Stealth        | |  2.6
Shields        | |  2.8
Evocations     | |  2.8

Action                   |  1- 3 |  4- 6 || total
-------------------------+-------+-------++-------
Melee: Short sword       |    79 |    74 ||   153
       Bite              |     4 |     6 ||    10
       Punch             |       |     1 ||     1
 Stab: Sleeping          |     3 |     3 ||     6
  Eat: Chunk             |     1 |     3 ||     4
Armor: Leather armour    |    20 |    16 ||    36
Dodge: Dodged            |    61 |    32 ||    93

Table legend:
 A = Spawn XP
 B = Non-spawn XP
 C = Spawn XP percentage of total XP
 D = Spawn monster count
 E = Non-spawn monster count
 F = Spawn count percentage of total count
 G = Total turns spent on level
                    A         B        C        D         E        F      G
               +---------+---------+-------+---------+---------+-------+---------
         Total |       0 |     154 |   0.0 |       0 |      38 |   0.0 |  2241
               +---------+---------+-------+---------+---------+-------+---------
           D:1 |       0 |      11 |   0.0 |       0 |       5 |   0.0 |   984
           D:2 |       0 |      83 |   0.0 |       0 |      20 |   0.0 |   615
           D:3 |       0 |      60 |   0.0 |       0 |      13 |   0.0 |   642
               +---------+---------+-------+---------+---------+-------+---------
